 Dungeon Sprint DCSS version 0.17.2-1-ge4368a0 (webtiles) character file.

102 mopl the Covert (level 4, -1/22 HPs)
             Began as a Spriggan Assassin on Aug 23, 2016.
             Was a Priest of Trog.
             Slain by a centaur (10 damage)
             ... in the Dungeon (Sprint VII: "The Pits").
             The game lasted 00:00:57 (276 turns).

mopl the Covert (Spriggan Assassin)                  Turns: 276, Time: 00:00:57

Health: -1/22      AC:  3    Str:  7    XL:     4   Next: 49%
Magic:  5/5        EV: 17    Int: 12    God:    Trog [***...]
Gold:   0          SH:  0    Dex: 18    Spells: 0 memorised, 3 levels left

rFire  . . .     SeeInvis +     a - +2 dagger
rCold  . . .     Clarity  .     c - +0 robe
rNeg   . . .     SustAt   .     (shield restricted)
rPois  .         Gourm    .     (helmet restricted)
rElec  .         Spirit   .     d - +0 cloak
rCorr  .         Warding  .     (gloves unavailable)
rMut   .         NoTele   +     (boots unavailable)
MR     .....                    (no amulet)
Stlth  +++++.....               (no ring)
                                (no ring)

@: exhausted, very slightly contaminated, slowed, invisible, quick, not
resistant to hostile enchantments, quite stealthy
A: unfitting armour, see invisible, herbivore 3, speed 3, slow metabolism 2
a: Berserk, Trog's Hand, Burn Spellbooks, Renounce Religion


You were in the Dungeon.
You worshipped Trog.
Trog was most pleased with you.
You were not hungry.

You visited 1 branch

Inventory:

Hand Weapons
 a - a +2 dagger (weapon)
 b - a +0 blowgun
Missiles
 e - 8 poisoned needles
 f - 2 curare-tipped needles
Armour
 c - a +0 robe (worn)
 d - a +0 cloak (worn)
Scrolls
 m - a scroll of blinking
 p - 3 scrolls of remove curse
 q - a scroll of summoning
 r - 2 scrolls of vulnerability
Potions
 h - a potion of curing
 i - a potion of heal wounds
 j - a potion of haste
 k - 4 potions of magic
 l - 2 potions of berserk rage {!q}
 o - a potion of invisibility
Comestibles
 g - 8 bread rations
 n - 40 fruits


   Skills:
 - Level 1.5 Fighting
 - Level 2.1 Short Blades
 * Level 7.6 Throwing
 - Level 1.5 Dodging
 + Level 9.8 Stealth


You had 3 spell levels left.
You didn't know any spells.

Dungeon Overview and Level Annotations

Branches:
Dungeon (1/1)

Altars:
Ashenzari
Cheibriados
Dithmenos
Elyvilon
Fedhas
Gozag
Kikubaaqudgha
Makhleb
Nemelex Xobeh
Okawaru
Qazlal
Ru
Sif Muna
Trog
Vehumet
Xom
Yredelemnul
Zin
The Shining One
Beogh
Jiyva
Lugonu


Innate Abilities, Weirdness & Mutations

You are tiny and cannot use many weapons and most armour.
You have supernaturally acute eyesight.
You are a herbivore.
You cover ground extremely quickly.
You need consume almost no food.


Message History

The arrow of flame barely misses you.
There is an open door here.
Things that are here:
an arrow of flame; a river rat corpse You feel a strong urge to attack something.
You feel your anger subside.
You are no longer berserk.
You are exhausted.
You feel yourself slow down.
Drink which item? (? for menu, Esc to quit)
You fade into invisibility!
You are very lightly contaminated with residual magic.
The centaur unwields an uncursed shortbow.
The centaur closely misses you.
You barely miss the centaur. The centaur misses you. The centaur misses you.
The centaur misses you.
You hit the centaur.
The centaur is lightly wounded.
The centaur barely misses you. The centaur hits you!
You die...

#_#)))'.'%.##...........
#_#)))#.#?(##......#..#.
#######'#####...........
#.....†.....'...........
#+#####'#####......#..#.
#.†...##...........
#####'#####'#####++
#.....##.......#
#.@...##.......#
###c####.......#
#....†##...<...#
#.c......##.......#
#........##.......#
###########.......#
#########


You could see a centaur.

Vanquished Creatures
  A brain worm (D)
  2 river rats (D)
  An ufetubus (D)
  A giant gecko (D)
  A bat (D)
  6 jackals (D)
12 creatures vanquished.

Notes
Turn   | Place    | Note
--------------------------------------------------------------
     0 | D        | mopl the Spriggan Assassin began the quest for the Orb.
     0 | D        | Reached XP level 1. HP: 10/10 MP: 2/2
    11 | D        | Reached skill level 6 in Stealth
    13 | D        | Reached skill level 3 in Throwing
    21 | D        | Found a sacrificial altar of Ru.
    21 | D        | Found a basalt altar of Yredelemnul.
    21 | D        | Found a shadowy altar of Dithmenos.
    21 | D        | Found a deep blue altar of Sif Muna.
    21 | D        | Found a burning altar of Makhleb.
    21 | D        | Found a shimmering altar of Xom.
    21 | D        | Found an ancient bone altar of Kikubaaqudgha.
    21 | D        | Found a sparkling altar of Nemelex Xobeh.
    22 | D        | Found a glowing golden altar of the Shining One.
    22 | D        | Found a bloodstained altar of Trog.
    22 | D        | Found a shattered altar of Ashenzari.
    22 | D        | Found a white marble altar of Elyvilon.
    22 | D        | Found a snail-covered altar of Cheibriados.
    22 | D        | Found a blossoming altar of Fedhas.
    22 | D        | Found a radiant altar of Vehumet.
    22 | D        | Found a glowing silver altar of Zin.
    22 | D        | Found a corrupted altar of Lugonu.
    22 | D        | Found a viscous altar of Jiyva.
    22 | D        | Found a roughly hewn altar of Beogh.
    22 | D        | Found an iron altar of Okawaru.
    25 | D        | Became a worshipper of Trog the Wrathful
    28 | D        | Found a stormy altar of Qazlal.
    28 | D        | Found an opulent altar of Gozag.
    59 | D        | Noticed a brain worm
    76 | D        | Reached * piety under Trog
    81 | D        | Killed a brain worm
    81 | D        | Reached ** piety under Trog
    81 | D        | Reached skill level 6 in Throwing
    81 | D        | Reached skill level 9 in Stealth
    81 | D        | Reached XP level 2. HP: 9/14 MP: 3/3
    81 | D        | Reached XP level 3. HP: 11/18 MP: 4/4
    81 | D        | Reached XP level 4. HP: 13/22 MP: 5/5
   252 | D        | Reached skill level 7 in Throwing
   255 | D        | Noticed a centaur
   266 | D        | Reached *** piety under Trog
   276 | D        | Slain by a centaur

Action                   |  1- 3 |  4- 6 || total
-------------------------+-------+-------++-------
Melee: Dagger            |    23 |    12 ||    35
Invok: Berserk           |       |     1 ||     1
  Use: Potion            |     1 |     1 ||     2
 Stab: Sleeping          |     1 |     3 ||     4
